Capitals vs Penguins
Created - December 7, 2017 at 00:11
Goals
|
| Capitals |
1 |
1 |
1 |
3 |
| Penguins |
2 |
3 |
0 |
5 |
|
Shots
|
| Capitals |
7 |
9 |
14 |
30 |
| Penguins |
13 |
12 |
5 |
30 |
|
1st period
1. Penguins , Bobby Ryan 20 (Steven Stamkos 32, Sean Zimmerman 10) at 10:42 (PP)
2. Capitals , Shane Doan 4 (Chris Kunitz 5, Christian Ehrhoff 3) at 12:43
3. Penguins , Sean Zimmerman 4 (Nathan Horton 3, Brian Elliott) at 19:09 (PP)
Penalties :
Blake Wheeler (Was) for Interference (Minor) at 10:33, Nathan Horton (Pit) for Hooking (Minor) at 12:55, Matt Carle (Was) for Tripping (Minor) at 18:29
2nd period
4. Penguins , Brayden Schenn 8 (Brian McGrattan 3, Eric Gryba 7) at 0:56
5. Capitals , Tyler Seguin 6 (Artemi Panarin 9, Jaromir Jagr 16) at 3:42
6. Penguins , Sam Gagner 8 (Max Pacioretty 10, Nathan Horton 4) at 18:54
7. Penguins , Sean Zimmerman 5 (Steven Stamkos 33) at 19:56
Penalties :
Brian Boyle (Was) for Cross-checking (Minor) at 10:12
3rd period
8. Capitals , Paul Martin 4 (Patrick Marleau 11, Jaromir Jagr 17) at 5:27 (PP)
Penalties :
Brayden Schenn (Pit) for Slashing (Minor) at 4:50, Nathan Horton (Pit) for Hooking (Minor) at 5:52, Paul Ranger (Pit) for Roughing (Minor) at 9:57, Steven Stamkos (Pit) for Holding Stick (Minor) at 13:15
Goalie Stats
Craig Anderson (Was), 25 saves from 30 shots - (0.833), L, 9-8-1, 60:00 minutes
Brian Elliott (Pit), 27 saves from 30 shots - (0.900), W, 14-4-2, 60:00 minutes
Players Stats for Capitals
Player Name G A P +/- PIM S H SB GA TA FO MP PP MP PK MP
------------------------------------------------------------------------------------
Adam Larsson 0 0 0 -2 0 2 1 1 0 0 0/0 22:02 0:00 2:15
Artemi Panarin 0 1 1 -1 0 3 1 0 0 0 0/0 20:30 3:45 0:24
Blake Wheeler 0 0 0 -1 2 2 2 0 0 1 2/3 16:26 3:45 0:47
Brian Boyle 0 0 0 0 2 0 2 1 0 0 4/10 11:45 0:00 0:00
Chris Kunitz 0 1 1 1 0 0 0 0 0 0 0/0 8:38 0:00 0:00
Christian Ehrhoff 0 1 1 2 0 0 2 0 0 0 0/0 11:46 0:00 0:00
François Beauchemin 0 0 0 2 0 1 2 0 0 1 0/0 14:41 2:42 0:00
Jaromir Jagr 0 2 2 -1 0 1 2 0 1 0 0/0 23:10 4:48 1:52
Jay Beagle 0 0 0 1 0 1 2 0 0 2 1/1 8:35 0:00 0:00
Joe Thornton 0 0 0 -1 0 5 1 0 0 0 11/23 18:48 4:48 1:52
Matt Carle 0 0 0 -1 2 2 2 1 2 3 0/0 21:18 5:51 0:33
Michal Rozsival 0 0 0 -1 0 0 1 2 0 0 0/0 21:19 2:42 0:45
Patrick Marleau 0 1 1 -1 0 2 1 1 0 0 1/3 17:20 4:48 0:32
Paul Martin 1 0 1 -2 0 2 2 4 1 1 0/0 28:53 5:51 2:03
Shane Doan 1 0 1 1 0 2 0 0 2 0 0/0 8:35 0:00 0:00
T.J. Oshie 0 0 0 0 0 2 1 0 0 0 0/0 11:39 0:00 0:00
Tomas Tatar 0 0 0 0 0 2 0 0 0 0 0/0 11:39 0:00 0:00
Tyler Seguin 1 0 1 -1 0 3 1 2 0 0 16/32 20:05 3:45 0:09
Players Stats for Penguins
Player Name G A P +/- PIM S H SB GA TA FO MP PP MP PK MP
------------------------------------------------------------------------------------
Andrew Cogliano 0 0 0 0 0 2 2 1 1 0 2/2 21:50 1:41 3:48
Bobby Ryan 1 0 1 0 0 6 2 0 0 0 0/1 17:17 1:41 0:00
Brayden Schenn 1 0 1 1 2 5 0 3 0 0 6/18 15:01 0:00 3:58
Brian McGrattan 0 1 1 1 0 0 0 0 0 1 0/0 9:20 0:00 0:00
D.J King 0 0 0 0 0 0 0 0 0 0 0/0 1:23 0:00 0:00
Derek Joslin 0 0 0 -2 0 0 0 0 0 1 0/0 11:13 0:00 0:00
Dion Phaneuf 0 0 0 2 0 1 1 6 2 1 0/0 28:02 1:53 5:51
Duncan Keith 0 0 0 1 0 1 0 0 0 0 0/0 20:45 0:55 2:42
Eric Gryba 0 1 1 1 0 0 0 0 0 2 0/0 20:45 0:55 2:42
Josef Vasicek 0 0 0 0 0 0 0 0 0 0 0/2 8:41 0:00 0:00
Max Pacioretty 0 1 1 0 0 4 1 0 0 0 0/0 16:15 1:07 1:03
Nathan Horton 0 2 2 0 4 3 0 0 1 0 1/2 17:06 1:07 1:01
Nikita Alexeev 0 0 0 0 0 0 1 1 0 0 0/0 8:41 0:00 0:00
Paul Ranger 0 0 0 -2 2 0 1 1 0 1 0/0 11:13 0:00 0:00
Sam Gagner 1 0 1 0 0 3 1 1 4 0 9/15 19:11 1:07 2:49
Sean Zimmerman 2 1 3 2 0 3 1 4 0 0 0/0 28:02 1:53 5:51
Simon Gagné 0 0 0 1 0 1 0 0 0 0 1/1 14:42 0:00 4:27
Steven Stamkos 0 2 2 0 2 1 0 1 0 0 18/31 21:55 1:41 0:00
3 Stars
1 - Sean Zimmerman (Pit)
2 - Shane Doan (Was)
3 - Christian Ehrhoff (Was)
Power Play
Capitals - 1 on 5 Attempt(s) - 20.00%
Penguins - 2 on 3 Attempt(s) - 66.67%
Penalty Kill
Capitals - 1 on 3 Attempt(s) - 33.33%
- Score 0 goal in Penalty Kill
Penguins - 4 on 5 Attempt(s) - 80.00%
- Score 0 goal in Penalty Kill
Team Stat
Capitals - Hits : 23 - Faceoff Wins : 35 - Blocked Shots : 12 - Penalty Minutes : 6
Penguins - Hits : 10 - Faceoff Wins : 37 - Blocked Shots : 18 - Penalty Minutes : 10
Official
Referees : Rooney Chris and Marouelli Dan
Linesman : David Brisebois and Steve Miller
Game Notes
D.J King is injured at 8:22 of 1st period (Left Knee)
10:53 of 3rd period - Capitals goal is going for a video replay. After video review, No Goal. The puck has entered the net after making contact with an attacking player’s stick that is above the height of the crossbar.
Finance
Level 1 -- Attendance: 5704 (95.07%) -- Ticket Income $467,728
Level 2 -- Attendance: 5000 (100.00%) -- Ticket Income $225,000
Level 3 -- Attendance: 2000 (100.00%) -- Ticket Income $66,000
Level 4 -- Attendance: 3874 (96.85%) -- Ticket Income $96,850
Luxury Box -- Attendance: 1000 (100.00%) -- Ticket Income $160,000
Game was played at the Igloo.
Total Attendance: 17578 (97.66%)
Total Ticket Income: $1,015,578
Other Income: $152,337
Total Income: $1,167,915
Capitals
5 vs 5 Forward
Center Left Wing Right Wing Time % Phy DF OF
1 Tyler Seguin Artemi Panarin Jaromir Jagr 38 1 2 2
2 Joe Thornton Patrick Marleau Blake Wheeler 27 1 2 2
3 Brian Boyle Tomas Tatar T.J. Oshie 25 1 2 2
4 Jay Beagle Chris Kunitz Shane Doan 10 1 2 2
5 vs 5 Defense
Defense Defense Time % Phy DF OF
1 Paul Martin Adam Larsson 42 1 2 2
2 Matt Carle Michal Rozsival 33 1 2 2
3 François Beauchemin Christian Ehrhoff 15 1 2 2
4 Paul Martin Michal Rozsival 10 1 2 2
PowerPlay Forward
Center Left Wing Right Wing Time % Phy DF OF
1 Joe Thornton Patrick Marleau Jaromir Jagr 60 1 2 2
2 Tyler Seguin Artemi Panarin Blake Wheeler 40 1 2 2
PowerPlay Defense
Defense Defense Time % Phy DF OF
1 Paul Martin Matt Carle 60 1 2 2
2 François Beauchemin Michal Rozsival 40 1 2 2
Penalty Kill 4 Players Forward
Center Wing Time % Phy DF OF
1 Joe Thornton Jaromir Jagr 60 1 2 2
2 Patrick Marleau Blake Wheeler 40 1 2 2
Penalty Kill 4 Players Defense
Defense Defense Time % Phy DF OF
1 Adam Larsson Paul Martin 60 1 2 2
2 Matt Carle Michal Rozsival 40 1 2 2
Penalty Kill - 3 Players Forward
Forward Time % Phy DF OF
1 Joe Thornton 60 1 2 2
2 Jaromir Jagr 40 1 2 2
Penalty Kill - 3 Players Defense
Defense Defense Time % Phy DF OF
1 François Beauchemin Paul Martin 60 1 2 2
2 Matt Carle Michal Rozsival 40 1 2 2
4 vs 4 Forward
Center Wing Time % Phy DF OF
1 Joe Thornton Jaromir Jagr 60 1 2 2
2 Patrick Marleau Blake Wheeler 40 1 2 2
4 vs 4 Defense
Defense Defense Time % Phy DF OF
1 Paul Martin Matt Carle 60 1 2 2
2 François Beauchemin Michal Rozsival 40 1 2 2
Last Minutes Offensive
Center Left Wing Right Wing Defense Defense
Joe Thornton Patrick Marleau Jaromir Jagr Adam Larsson Paul Martin
Last Minutes Defensive
Center Left Wing Right Wing Defense Defense
Joe Thornton Patrick Marleau Jaromir Jagr Adam Larsson Paul Martin
Goaltenders
Starting : Craig Anderson
Backup : Jake Allen
Extra Forwards
Normal : Tyler Seguin, Artemi Panarin, Jaromir Jagr - PP : Tyler Seguin, Artemi Panarin - PK : Blake Wheeler
Extra Defensemen
Normal : Paul Martin, Adam Larsson, Michal Rozsival - PP : Paul Martin - PK : Paul Martin, Michal Rozsival
Penalty Shots
Tyler Seguin, Jaromir Jagr, Blake Wheeler, Joe Thornton, Patrick Marleau
Scratches
Matt Irwin (Torn Right ACL Injury)
Penguins
5 vs 5 Forward
Center Left Wing Right Wing Time % Phy DF OF
1 Steven Stamkos Andrew Cogliano Bobby Ryan 40 0 2 3
2 Sam Gagner Max Pacioretty Nathan Horton 30 0 2 3
3 Brayden Schenn Simon Gagné Brian McGrattan 20 0 2 3
4 Josef Vasicek D.J King Nikita Alexeev 10 0 2 3
5 vs 5 Defense
Defense Defense Time % Phy DF OF
1 Dion Phaneuf Sean Zimmerman 45 1 2 2
2 Duncan Keith Eric Gryba 33 1 2 2
3 Paul Ranger Derek Joslin 22 1 2 2
4 Dion Phaneuf Sean Zimmerman 0 1 2 2
PowerPlay Forward
Center Left Wing Right Wing Time % Phy DF OF
1 Steven Stamkos Andrew Cogliano Bobby Ryan 60 0 1 4
2 Sam Gagner Max Pacioretty Nathan Horton 40 0 1 4
PowerPlay Defense
Defense Defense Time % Phy DF OF
1 Dion Phaneuf Sean Zimmerman 60 0 2 3
2 Duncan Keith Eric Gryba 40 0 2 3
Penalty Kill 4 Players Forward
Center Wing Time % Phy DF OF
1 Brayden Schenn Simon Gagné 60 0 4 1
2 Andrew Cogliano Nathan Horton 40 0 4 1
Penalty Kill 4 Players Defense
Defense Defense Time % Phy DF OF
1 Dion Phaneuf Sean Zimmerman 60 1 4 0
2 Duncan Keith Eric Gryba 40 1 4 0
Penalty Kill - 3 Players Forward
Forward Time % Phy DF OF
1 Brayden Schenn 60 0 4 1
2 Nathan Horton 40 0 4 1
Penalty Kill - 3 Players Defense
Defense Defense Time % Phy DF OF
1 Dion Phaneuf Sean Zimmerman 60 1 4 0
2 Duncan Keith Eric Gryba 40 1 4 0
4 vs 4 Forward
Center Wing Time % Phy DF OF
1 Steven Stamkos Bobby Ryan 60 0 2 3
2 Sam Gagner Nathan Horton 40 0 2 3
4 vs 4 Defense
Defense Defense Time % Phy DF OF
1 Dion Phaneuf Sean Zimmerman 60 1 2 2
2 Duncan Keith Eric Gryba 40 1 2 2
Last Minutes Offensive
Center Left Wing Right Wing Defense Defense
Steven Stamkos Andrew Cogliano Bobby Ryan Dion Phaneuf Sean Zimmerman
Last Minutes Defensive
Center Left Wing Right Wing Defense Defense
Brayden Schenn Andrew Cogliano Nathan Horton Dion Phaneuf Sean Zimmerman
Goaltenders
Starting : Brian Elliott
Backup : Josh Tordjman
Extra Forwards
Normal : Steven Stamkos, Sam Gagner, Brayden Schenn - PP : Andrew Cogliano, Max Pacioretty - PK : Simon Gagné
Extra Defensemen
Normal : Sean Zimmerman, Duncan Keith, Paul Ranger - PP : Paul Ranger - PK : Sean Zimmerman, Duncan Keith
Penalty Shots
Max Pacioretty, Bobby Ryan, Steven Stamkos, Brayden Schenn, Simon Gagné
Scratches
D.J King (Left Knee Injury), Keith Aulie (Fractured Bone in Right Hand Injury)
% Time on Ice - Capitals
Lines # - Real PCT - Wanted PCT - Time Play
Normal Forward
1 - 33% - 38% - 16:17
2 - 25% - 27% - 12:08
3 - 24% - 25% - 11:39
4 - 18% - 10% - 8:35
Normal Defense
1 - 41% - 42% - 19:47
2 - 32% - 33% - 15:34
3 - 23% - 15% - 11:20
4 - 4% - 10% - 1:58
PP Forward
1 - 56% - 60% - 4:48
2 - 44% - 40% - 3:45
PP Defense
1 - 68% - 60% - 5:51
2 - 32% - 40% - 2:42
PK Forward
1 - 81% - 60% - 2:16
2 - 19% - 40% - 0:32
PK Defense
1 - 73% - 60% - 2:03
2 - 27% - 40% - 0:45
PK3 Forward
1 - 0% - 60%
2 - 0% - 40%
PK3 Defense
1 - 0% - 60%
2 - 0% - 40%
44 Forward
1 - 0% - 60%
2 - 0% - 40%
44 Defense
1 - 0% - 60%
2 - 0% - 40%
Last Minute Offensive - 0:00
Last Minute Defensive - 0:00
Total
Forward - 60:00
Defense - 60:00
|
% Time on Ice - Penguins
Lines # - Real PCT - Wanted PCT - Time Play
Normal Forward
1 - 36% - 40% - 17:45
2 - 27% - 30% - 13:10
3 - 19% - 20% - 9:03
4 - 18% - 10% - 8:41
Normal Defense
1 - 42% - 45% - 20:18
2 - 35% - 33% - 17:08
3 - 23% - 22% - 11:13
4 - 0% - 0% - 0:00
PP Forward
1 - 60% - 60% - 1:41
2 - 40% - 40% - 1:07
PP Defense
1 - 67% - 60% - 1:53
2 - 33% - 40% - 0:55
PK Forward
1 - 79% - 60% - 6:47
2 - 21% - 40% - 1:46
PK Defense
1 - 68% - 60% - 5:51
2 - 32% - 40% - 2:42
PK3 Forward
1 - 0% - 60%
2 - 0% - 40%
PK3 Defense
1 - 0% - 60%
2 - 0% - 40%
44 Forward
1 - 0% - 60%
2 - 0% - 40%
44 Defense
1 - 0% - 60%
2 - 0% - 40%
Last Minute Offensive - 0:00
Last Minute Defensive - 0:00
Total
Forward - 60:00
Defense - 60:00
|
Play by Play
1st period
0:01 of 1st period - Tyler Seguin wins face-off versus Bobby Ryan in neutral zone.
0:08 of 1st period - Wrist shot by Tyler Seguin.
0:08 of 1st period - Shot Misses the Net.
0:10 of 1st period - Slapshot by Adam Larsson.
0:10 of 1st period - Shot Blocked by Dion Phaneuf.
0:26 of 1st period - Patrick Marleau is hit by Max Pacioretty and loses puck.
0:47 of 1st period - Slapshot by Michal Rozsival.
0:47 of 1st period - Shot Misses the Net.
0:55 of 1st period - Icing by Simon Gagné.
0:56 of 1st period - Jay Beagle wins face-off versus Brayden Schenn in Penguins zone.
1:12 of 1st period - Icing by Duncan Keith.
1:13 of 1st period - Tyler Seguin wins face-off versus Brayden Schenn in Penguins zone.
1:14 of 1st period - Slapshot by Jaromir Jagr.
1:14 of 1st period - Deflect By Tyler Seguin.
1:14 of 1st period - Stopped by Brian Elliott without a rebound.
1:15 of 1st period - Tyler Seguin wins face-off versus Steven Stamkos in Penguins zone.
2:37 of 1st period - Snap shot by Jay Beagle.
2:37 of 1st period - Shot Misses the Net.
2:50 of 1st period - Off-side.
2:51 of 1st period - Tyler Seguin wins face-off versus Steven Stamkos in neutral zone.
3:16 of 1st period - Andrew Cogliano is hit by Jaromir Jagr and loses puck.
3:23 of 1st period - Slapshot by Andrew Cogliano.
3:23 of 1st period - Stopped by Craig Anderson with a rebound.
3:37 of 1st period - Slapshot by Tyler Seguin.
3:37 of 1st period - Shot Misses the Net.
3:39 of 1st period - Snap shot by Jaromir Jagr.
3:39 of 1st period - Shot Misses the Net.
3:45 of 1st period - Slapshot by Tyler Seguin.
3:45 of 1st period - Shot Misses the Net.
3:47 of 1st period - Slapshot by Artemi Panarin.
3:47 of 1st period - Shot Misses the Net.
3:49 of 1st period - Slapshot by Artemi Panarin.
3:49 of 1st period - Shot Blocked by Steven Stamkos.
3:53 of 1st period - Snap shot by Jaromir Jagr.
3:53 of 1st period - Shot Blocked by Paul Ranger.
4:33 of 1st period - Wrist shot by Jaromir Jagr.
4:33 of 1st period - Shot Misses the Net.
4:35 of 1st period - Snap shot by Artemi Panarin.
4:35 of 1st period - Stopped by Brian Elliott without a rebound.
4:36 of 1st period - Sam Gagner wins face-off versus Brian Boyle in Penguins zone.
4:41 of 1st period - Slapshot by Dion Phaneuf.
4:41 of 1st period - Deflect By Max Pacioretty.
4:41 of 1st period - Stopped by Craig Anderson with a rebound.
5:32 of 1st period - Wrist shot by Shane Doan.
5:32 of 1st period - Shot Misses the Net.
5:46 of 1st period - Wrist shot by T.J. Oshie.
5:46 of 1st period - Stopped by Brian Elliott without a rebound.
5:47 of 1st period - Sam Gagner wins face-off versus Brian Boyle in Penguins zone.
6:29 of 1st period - Nathan Horton is hit by Brian Boyle and loses puck.
6:42 of 1st period - Duncan Keith is hit by Paul Martin and loses puck.
6:59 of 1st period - Wrist shot by Tomas Tatar.
6:59 of 1st period - Shot Misses the Net.
7:04 of 1st period - Off-side.
7:05 of 1st period - Simon Gagné wins face-off versus Joe Thornton in neutral zone.
7:22 of 1st period - Simon Gagné is hit by François Beauchemin and loses puck.
7:48 of 1st period - Snap shot by Brayden Schenn.
7:48 of 1st period - Stopped by Craig Anderson without a rebound.
7:49 of 1st period - Steven Stamkos wins face-off versus Joe Thornton in Capitals zone.
7:50 of 1st period - Wrist shot by Bobby Ryan.
7:50 of 1st period - Stopped by Craig Anderson with a rebound.
8:21 of 1st period - D.J King is hit by Adam Larsson and loses puck.
8:22 of 1st period - D.J King from Penguins is injured at 8:22 of 1st period (Left Knee).
8:23 of 1st period - Blake Wheeler wins face-off versus Steven Stamkos in Penguins zone.
8:24 of 1st period - Snap shot by Joe Thornton.
8:24 of 1st period - Deflect By Andrew Cogliano.
8:24 of 1st period - Stopped by Brian Elliott without a rebound.
8:25 of 1st period - Steven Stamkos wins face-off versus Joe Thornton in Penguins zone.
8:40 of 1st period - Snap shot by Bobby Ryan.
8:40 of 1st period - Stopped by Craig Anderson with a rebound.
8:42 of 1st period - Wrist shot by Sean Zimmerman.
8:42 of 1st period - Stopped by Craig Anderson without a rebound.
8:43 of 1st period - Tyler Seguin wins face-off versus Sam Gagner in Capitals zone.
9:37 of 1st period - Slapshot by Brayden Schenn.
9:37 of 1st period - Stopped by Craig Anderson without a rebound.
9:38 of 1st period - Sam Gagner wins face-off versus Tyler Seguin in Capitals zone.
9:45 of 1st period - Snap shot by Sam Gagner.
9:45 of 1st period - Shot Misses the Net.
10:05 of 1st period - Dion Phaneuf is hit by Michal Rozsival and loses puck.
10:10 of 1st period - Slapshot by Joe Thornton.
10:10 of 1st period - Deflect By Blake Wheeler.
10:10 of 1st period - Shot Misses the Net.
10:10 of 1st period - Puck is out of play.
10:11 of 1st period - Steven Stamkos wins face-off versus Blake Wheeler in Penguins zone.
10:11 of 1st period - Steven Stamkos is hit by Joe Thornton.
10:33 of 1st period - Minor Penalty to Blake Wheeler for Interference.
10:34 of 1st period - Steven Stamkos wins face-off versus Joe Thornton in Capitals zone.
10:42 of 1st period - Backhand shot by Bobby Ryan.
10:42 of 1st period - Goal by Bobby Ryan - Capitals : 0 - Penguins : 1.
10:43 of 1st period - Tyler Seguin wins face-off versus Nathan Horton in neutral zone.
11:31 of 1st period - Patrick Marleau is hit by Bobby Ryan and loses puck.
11:50 of 1st period - Duncan Keith is hit by Christian Ehrhoff and loses puck.
12:17 of 1st period - François Beauchemin is hit by Paul Ranger and loses puck.
12:43 of 1st period - Wrist shot by Shane Doan.
12:43 of 1st period - Goal by Shane Doan - Capitals : 1 - Penguins : 1.
12:44 of 1st period - Tyler Seguin wins face-off versus Sam Gagner in neutral zone.
12:53 of 1st period - Snap shot by Jaromir Jagr.
12:53 of 1st period - Shot Misses the Net.
12:55 of 1st period - Minor Penalty to Nathan Horton for Hooking.
12:56 of 1st period - Joe Thornton wins face-off versus Brayden Schenn in Penguins zone.
13:05 of 1st period - Slapshot by Paul Martin.
13:05 of 1st period - Deflect By Joe Thornton.
13:05 of 1st period - Stopped by Brian Elliott with a rebound.
13:07 of 1st period - Wrist shot by Matt Carle.
13:07 of 1st period - Stopped by Brian Elliott with a rebound.
13:09 of 1st period - Wrist shot by Jaromir Jagr.
13:09 of 1st period - Shot Blocked by Sean Zimmerman.
13:11 of 1st period - Slapshot by Matt Carle.
13:11 of 1st period - Shot Blocked by Dion Phaneuf.
13:31 of 1st period - Snap shot by Artemi Panarin.
13:31 of 1st period - Shot Misses the Net.
14:55 of 1st period - Penalty to Nathan Horton is over, Nathan Horton is back on ice.
15:20 of 1st period - Nathan Horton is hit by Jay Beagle.
16:49 of 1st period - Off-side.
16:50 of 1st period - Tyler Seguin wins face-off versus Steven Stamkos in neutral zone.
17:11 of 1st period - François Beauchemin is hit by Dion Phaneuf and loses puck.
17:54 of 1st period - Snap shot by Nathan Horton.
17:54 of 1st period - Shot Misses the Net.
18:17 of 1st period - Slapshot by Simon Gagné.
18:17 of 1st period - Shot Misses the Net.
18:19 of 1st period - Slapshot by Brayden Schenn.
18:19 of 1st period - Shot Misses the Net.
18:21 of 1st period - Slapshot by Brayden Schenn.
18:21 of 1st period - Stopped by Craig Anderson with a rebound.
18:23 of 1st period - Slapshot by Derek Joslin.
18:23 of 1st period - Shot Blocked by Matt Carle.
18:29 of 1st period - Minor Penalty to Matt Carle for Tripping.
18:30 of 1st period - Joe Thornton wins face-off versus Steven Stamkos in Capitals zone.
19:09 of 1st period - Slapshot by Sean Zimmerman.
19:09 of 1st period - Goal by Sean Zimmerman - Capitals : 1 - Penguins : 2.
19:10 of 1st period - Sam Gagner wins face-off versus Tyler Seguin in neutral zone.
19:44 of 1st period - Snap shot by Nathan Horton.
19:44 of 1st period - Shot Misses the Net.
19:46 of 1st period - Snap shot by Duncan Keith.
19:46 of 1st period - Stopped by Craig Anderson with a rebound.
19:48 of 1st period - Wrist shot by Max Pacioretty.
19:48 of 1st period - Stopped by Craig Anderson with a rebound.
19:56 of 1st period - Snap shot by Nathan Horton.
19:56 of 1st period - Stopped by Craig Anderson without a rebound.
19:57 of 1st period - Steven Stamkos wins face-off versus Tyler Seguin in Capitals zone.
Goals for this period are 1 for Capitals vs 2 for Penguins.
Shots for this period are 7 for Capitals vs 13 for Penguins.
2nd period
0:01 of 2nd period - Steven Stamkos wins face-off versus Tyler Seguin in neutral zone.
0:19 of 2nd period - Artemi Panarin is hit by Bobby Ryan and loses puck.
0:34 of 2nd period - Sean Zimmerman is hit by Paul Martin.
0:40 of 2nd period - Wrist shot by Nathan Horton.
0:40 of 2nd period - Stopped by Craig Anderson without a rebound.
0:41 of 2nd period - Joe Thornton wins face-off versus Brayden Schenn in Capitals zone.
0:52 of 2nd period - Snap shot by Brian McGrattan.
0:52 of 2nd period - Shot Misses the Net.
0:54 of 2nd period - Wrist shot by Brian McGrattan.
0:54 of 2nd period - Shot Blocked by Patrick Marleau.
0:56 of 2nd period - Snap shot by Brayden Schenn.
0:56 of 2nd period - Goal by Brayden Schenn - Capitals : 1 - Penguins : 3.
0:57 of 2nd period - Steven Stamkos wins face-off versus Tyler Seguin in neutral zone.
1:02 of 2nd period - Snap shot by Steven Stamkos.
1:02 of 2nd period - Stopped by Craig Anderson with a rebound.
1:22 of 2nd period - Sean Zimmerman is hit by Blake Wheeler and loses puck.
1:31 of 2nd period - Slapshot by Nathan Horton.
1:31 of 2nd period - Stopped by Craig Anderson without a rebound.
1:32 of 2nd period - Steven Stamkos wins face-off versus Tyler Seguin in Capitals zone.
1:58 of 2nd period - Duncan Keith is hit by T.J. Oshie and loses puck.
2:21 of 2nd period - Wrist shot by Blake Wheeler.
2:21 of 2nd period - Shot Blocked by Dion Phaneuf.
2:23 of 2nd period - Snap shot by Blake Wheeler.
2:23 of 2nd period - Shot Misses the Net.
2:25 of 2nd period - Backhand shot by Joe Thornton.
2:25 of 2nd period - Stopped by Brian Elliott with a rebound.
3:19 of 2nd period - Wrist shot by Matt Carle.
3:19 of 2nd period - Deflect By Artemi Panarin.
3:19 of 2nd period - Shot Misses the Net.
3:19 of 2nd period - Puck is out of play.
3:20 of 2nd period - Tyler Seguin wins face-off versus Steven Stamkos in Penguins zone.
3:29 of 2nd period - Slapshot by Bobby Ryan.
3:29 of 2nd period - Deflect By François Beauchemin.
3:29 of 2nd period - Stopped by Craig Anderson without a rebound.
3:30 of 2nd period - Tyler Seguin wins face-off versus Sam Gagner in Capitals zone.
3:42 of 2nd period - Snap shot by Tyler Seguin.
3:42 of 2nd period - Goal by Tyler Seguin - Capitals : 2 - Penguins : 3.
3:43 of 2nd period - Steven Stamkos wins face-off versus Tyler Seguin in neutral zone.
4:10 of 2nd period - Patrick Marleau is hit by Sean Zimmerman and loses puck.
4:59 of 2nd period - Wrist shot by Artemi Panarin.
4:59 of 2nd period - Shot Hit the Post.
6:07 of 2nd period - Icing by Tyler Seguin.
6:08 of 2nd period - Steven Stamkos wins face-off versus Brian Boyle in Capitals zone.
6:09 of 2nd period - Wrist shot by Andrew Cogliano.
6:09 of 2nd period - Shot Blocked by Brian Boyle.
6:12 of 2nd period - Icing by Brian Boyle.
6:13 of 2nd period - Steven Stamkos wins face-off versus Brian Boyle in Capitals zone.
6:16 of 2nd period - Snap shot by Bobby Ryan.
6:16 of 2nd period - Shot Blocked by Michal Rozsival.
6:50 of 2nd period - Bobby Ryan is hit by Blake Wheeler and loses puck.
7:03 of 2nd period - Jaromir Jagr is hit by Sam Gagner and loses puck.
7:16 of 2nd period - Sam Gagner is hit by Tyler Seguin and loses puck.
7:29 of 2nd period - Simon Gagné is hit by Brian Boyle and loses puck.
7:42 of 2nd period - Snap shot by François Beauchemin.
7:42 of 2nd period - Shot Misses the Net.
7:51 of 2nd period - Off-side.
7:52 of 2nd period - Joe Thornton wins face-off versus Josef Vasicek in neutral zone.
9:07 of 2nd period - Off-side.
9:08 of 2nd period - Joe Thornton wins face-off versus Josef Vasicek in neutral zone.
9:34 of 2nd period - Off-side.
9:35 of 2nd period - Tyler Seguin wins face-off versus Sam Gagner in neutral zone.
10:12 of 2nd period - Minor Penalty to Brian Boyle for Cross-checking.
10:13 of 2nd period - Joe Thornton wins face-off versus Steven Stamkos in Capitals zone.
11:47 of 2nd period - Icing by Steven Stamkos.
11:48 of 2nd period - Steven Stamkos wins face-off versus Patrick Marleau in Penguins zone.
11:53 of 2nd period - Slapshot by Duncan Keith.
11:53 of 2nd period - Shot Blocked by Adam Larsson.
12:12 of 2nd period - Penalty to Brian Boyle is over, Brian Boyle is back on ice.
13:07 of 2nd period - Wrist shot by Shane Doan.
13:07 of 2nd period - Shot Misses the Net.
14:09 of 2nd period - Duncan Keith is hit by Jay Beagle and loses puck.
14:34 of 2nd period - Slapshot by Adam Larsson.
14:34 of 2nd period - Shot Blocked by Andrew Cogliano.
14:36 of 2nd period - Slapshot by Adam Larsson.
14:36 of 2nd period - Stopped by Brian Elliott without a rebound.
14:37 of 2nd period - Tyler Seguin wins face-off versus Steven Stamkos in Penguins zone.
14:38 of 2nd period - Wrist shot by Artemi Panarin.
14:38 of 2nd period - Stopped by Brian Elliott without a rebound.
14:39 of 2nd period - Steven Stamkos wins face-off versus Tyler Seguin in Penguins zone.
16:08 of 2nd period - Snap shot by Sam Gagner.
16:08 of 2nd period - Shot Misses the Net.
16:26 of 2nd period - Wrist shot by Patrick Marleau.
16:26 of 2nd period - Stopped by Brian Elliott without a rebound.
16:27 of 2nd period - Brayden Schenn wins face-off versus Tyler Seguin in Penguins zone.
16:36 of 2nd period - Slapshot by Sean Zimmerman.
16:36 of 2nd period - Shot Blocked by Tyler Seguin.
16:38 of 2nd period - Wrist shot by Simon Gagné.
16:38 of 2nd period - Shot Blocked by Paul Martin.
16:42 of 2nd period - Wrist shot by Brayden Schenn.
16:42 of 2nd period - Stopped by Craig Anderson without a rebound.
16:43 of 2nd period - Joe Thornton wins face-off versus Steven Stamkos in Capitals zone.
16:48 of 2nd period - Slapshot by Paul Martin.
16:48 of 2nd period - Stopped by Brian Elliott with a rebound.
16:50 of 2nd period - Slapshot by Adam Larsson.
16:50 of 2nd period - Shot Misses the Net.
16:52 of 2nd period - Snap shot by Blake Wheeler.
16:52 of 2nd period - Stopped by Brian Elliott with a rebound.
16:54 of 2nd period - Snap shot by Patrick Marleau.
16:54 of 2nd period - Stopped by Brian Elliott with a rebound.
17:35 of 2nd period - Snap shot by T.J. Oshie.
17:35 of 2nd period - Deflect By Brian Boyle.
17:35 of 2nd period - Shot Misses the Net.
17:35 of 2nd period - Puck is out of play.
17:36 of 2nd period - Steven Stamkos wins face-off versus Joe Thornton in Penguins zone.
17:41 of 2nd period - Snap shot by Bobby Ryan.
17:41 of 2nd period - Shot Blocked by Paul Martin.
17:53 of 2nd period - Snap shot by Bobby Ryan.
17:53 of 2nd period - Stopped by Craig Anderson with a rebound.
18:07 of 2nd period - Snap shot by Max Pacioretty.
18:07 of 2nd period - Stopped by Craig Anderson without a rebound.
18:08 of 2nd period - Sam Gagner wins face-off versus Tyler Seguin in Capitals zone.
18:50 of 2nd period - Snap shot by Sam Gagner.
18:50 of 2nd period - Stopped by Craig Anderson with a rebound.
18:52 of 2nd period - Wrist shot by Max Pacioretty.
18:52 of 2nd period - Stopped by Craig Anderson with a rebound.
18:54 of 2nd period - Snap shot by Sam Gagner.
18:54 of 2nd period - Goal by Sam Gagner - Capitals : 2 - Penguins : 4.
18:55 of 2nd period - Brian Boyle wins face-off versus Steven Stamkos in neutral zone.
19:46 of 2nd period - Snap shot by Artemi Panarin.
19:46 of 2nd period - Shot Misses the Net.
19:48 of 2nd period - Slapshot by Adam Larsson.
19:48 of 2nd period - Shot Blocked by Dion Phaneuf.
19:50 of 2nd period - Wrist shot by Tyler Seguin.
19:50 of 2nd period - Stopped by Brian Elliott without a rebound.
19:51 of 2nd period - Steven Stamkos wins face-off versus Tyler Seguin in Penguins zone.
19:56 of 2nd period - Slapshot by Sean Zimmerman.
19:56 of 2nd period - Goal by Sean Zimmerman - Capitals : 2 - Penguins : 5.
19:57 of 2nd period - Andrew Cogliano wins face-off versus Tyler Seguin in neutral zone.
Goals for this period are 1 for Capitals vs 3 for Penguins.
Shots for this period are 9 for Capitals vs 12 for Penguins.
3rd period
0:01 of 3rd period - Tyler Seguin wins face-off versus Steven Stamkos in neutral zone.
1:11 of 3rd period - Duncan Keith is hit by Christian Ehrhoff and loses puck.
1:16 of 3rd period - Slapshot by Jay Beagle.
1:16 of 3rd period - Shot Blocked by Nikita Alexeev.
1:33 of 3rd period - Off-side.
1:34 of 3rd period - Tyler Seguin wins face-off versus Brayden Schenn in neutral zone.
1:59 of 3rd period - Matt Carle is hit by Andrew Cogliano and loses puck.
2:26 of 3rd period - Wrist shot by Nikita Alexeev.
2:26 of 3rd period - Shot Misses the Net.
2:28 of 3rd period - Wrist shot by Sam Gagner.
2:28 of 3rd period - Shot Blocked by Michal Rozsival.
2:30 of 3rd period - Slapshot by Sam Gagner.
2:30 of 3rd period - Stopped by Craig Anderson with a rebound.
2:48 of 3rd period - Brian McGrattan is hit by Jaromir Jagr.
3:15 of 3rd period - Michal Rozsival is hit by Nikita Alexeev and loses puck.
3:35 of 3rd period - Slapshot by Brian McGrattan.
3:35 of 3rd period - Deflect By Simon Gagné.
3:35 of 3rd period - Stopped by Craig Anderson without a rebound.
3:36 of 3rd period - Brayden Schenn wins face-off versus Joe Thornton in Capitals zone.
3:47 of 3rd period - Snap shot by Joe Thornton.
3:47 of 3rd period - Stopped by Brian Elliott without a rebound.
3:48 of 3rd period - Tyler Seguin wins face-off versus Steven Stamkos in Penguins zone.
3:55 of 3rd period - Snap shot by Jaromir Jagr.
3:55 of 3rd period - Shot Blocked by Sean Zimmerman.
3:57 of 3rd period - Slapshot by Adam Larsson.
3:57 of 3rd period - Stopped by Brian Elliott without a rebound.
3:58 of 3rd period - Tyler Seguin wins face-off versus Steven Stamkos in Penguins zone.
4:13 of 3rd period - Snap shot by Andrew Cogliano.
4:13 of 3rd period - Shot Misses the Net.
4:19 of 3rd period - Slapshot by Paul Martin.
4:19 of 3rd period - Shot Misses the Net.
4:21 of 3rd period - Slapshot by Artemi Panarin.
4:21 of 3rd period - Shot Misses the Net.
4:23 of 3rd period - Slapshot by Paul Martin.
4:23 of 3rd period - Deflect By Artemi Panarin.
4:23 of 3rd period - Shot Blocked by Dion Phaneuf.
4:23 of 3rd period - Puck is out of play.
4:24 of 3rd period - Sam Gagner wins face-off versus Joe Thornton in Penguins zone.
4:24 of 3rd period - Sam Gagner is hit by Matt Carle.
4:50 of 3rd period - Minor Penalty to Brayden Schenn for Slashing.
4:51 of 3rd period - Joe Thornton wins face-off versus Sam Gagner in Penguins zone.
4:56 of 3rd period - Snap shot by Jaromir Jagr.
4:56 of 3rd period - Shot Blocked by Sean Zimmerman.
4:58 of 3rd period - Slapshot by Matt Carle.
4:58 of 3rd period - Stopped by Brian Elliott without a rebound.
4:59 of 3rd period - Sam Gagner wins face-off versus Joe Thornton in Penguins zone.
5:08 of 3rd period - Dion Phaneuf is hit by Patrick Marleau and loses puck.
5:17 of 3rd period - Snap shot by Jaromir Jagr.
5:17 of 3rd period - Stopped by Brian Elliott with a rebound.
5:19 of 3rd period - Snap shot by Matt Carle.
5:19 of 3rd period - Shot Misses the Net.
5:21 of 3rd period - Wrist shot by Joe Thornton.
5:21 of 3rd period - Shot Blocked by Sam Gagner.
5:23 of 3rd period - Snap shot by Jaromir Jagr.
5:23 of 3rd period - Shot Misses the Net.
5:25 of 3rd period - Snap shot by Patrick Marleau.
5:25 of 3rd period - Shot Misses the Net.
5:27 of 3rd period - Slapshot by Paul Martin.
5:27 of 3rd period - Goal by Paul Martin - Capitals : 3 - Penguins : 5.
5:28 of 3rd period - Steven Stamkos wins face-off versus Tyler Seguin in neutral zone.
5:31 of 3rd period - Slapshot by Dion Phaneuf.
5:31 of 3rd period - Shot Blocked by Paul Martin.
5:33 of 3rd period - Snap shot by Andrew Cogliano.
5:33 of 3rd period - Stopped by Craig Anderson with a rebound.
5:35 of 3rd period - Snap shot by Dion Phaneuf.
5:35 of 3rd period - Stopped by Craig Anderson with a rebound.
5:37 of 3rd period - Slapshot by Dion Phaneuf.
5:37 of 3rd period - Shot Blocked by Paul Martin.
5:39 of 3rd period - Slapshot by Dion Phaneuf.
5:39 of 3rd period - Shot Blocked by Tyler Seguin.
5:43 of 3rd period - Wrist shot by Bobby Ryan.
5:43 of 3rd period - Stopped by Craig Anderson without a rebound.
5:44 of 3rd period - Brian Boyle wins face-off versus Sam Gagner in Capitals zone.
5:49 of 3rd period - Snap shot by Tomas Tatar.
5:49 of 3rd period - Stopped by Brian Elliott without a rebound.
5:50 of 3rd period - Sam Gagner wins face-off versus Brian Boyle in Penguins zone.
5:52 of 3rd period - Minor Penalty to Nathan Horton for Hooking.
5:53 of 3rd period - Brayden Schenn wins face-off versus Joe Thornton in Penguins zone.
6:23 of 3rd period - Snap shot by Matt Carle.
6:23 of 3rd period - Shot Blocked by Dion Phaneuf.
7:21 of 3rd period - Artemi Panarin is hit by Andrew Cogliano.
7:46 of 3rd period - Icing by Joe Thornton.
7:47 of 3rd period - Sam Gagner wins face-off versus Joe Thornton in Capitals zone.
7:52 of 3rd period - Penalty to Nathan Horton is over, Nathan Horton is back on ice.
8:14 of 3rd period - Wrist shot by Brayden Schenn.
8:14 of 3rd period - Shot Misses the Net.
8:42 of 3rd period - Slapshot by Simon Gagné.
8:42 of 3rd period - Shot Misses the Net.
9:08 of 3rd period - Andrew Cogliano is hit by François Beauchemin and loses puck.
9:57 of 3rd period - Minor Penalty to Paul Ranger for Roughing.
9:58 of 3rd period - Andrew Cogliano wins face-off versus Patrick Marleau in Penguins zone.
10:31 of 3rd period - Wrist shot by Artemi Panarin.
10:31 of 3rd period - Shot Blocked by Sean Zimmerman.
10:33 of 3rd period - Slapshot by Tyler Seguin.
10:33 of 3rd period - Shot Blocked by Brayden Schenn.
10:35 of 3rd period - Snap shot by Michal Rozsival.
10:35 of 3rd period - Shot Misses the Net.
10:41 of 3rd period - Wrist shot by Blake Wheeler.
10:41 of 3rd period - Stopped by Brian Elliott without a rebound.
10:42 of 3rd period - Blake Wheeler wins face-off versus Brayden Schenn in Penguins zone.
10:49 of 3rd period - Wrist shot by Blake Wheeler.
10:49 of 3rd period - Shot Blocked by Brayden Schenn.
10:51 of 3rd period - Snap shot by Artemi Panarin.
10:51 of 3rd period - Stopped by Brian Elliott with a rebound.
10:53 of 3rd period - Slapshot by François Beauchemin.
10:53 of 3rd period - Capitals goal is going for a video replay.
10:53 of 3rd period - The goal is refused. The puck has entered the net after making contact with an attacking player’s stick that is above the height of the crossbar..
10:54 of 3rd period - Joe Thornton wins face-off versus Brayden Schenn in Penguins zone.
10:57 of 3rd period - Snap shot by Joe Thornton.
10:57 of 3rd period - Deflect By Jaromir Jagr.
10:57 of 3rd period - Shot Blocked by Brayden Schenn.
10:57 of 3rd period - Puck is out of play.
10:58 of 3rd period - Joe Thornton wins face-off versus Brayden Schenn in Penguins zone.
11:32 of 3rd period - Icing by Matt Carle.
11:33 of 3rd period - Brayden Schenn wins face-off versus Tyler Seguin in Capitals zone.
11:52 of 3rd period - Wrist shot by Joe Thornton.
11:52 of 3rd period - Stopped by Brian Elliott without a rebound.
11:53 of 3rd period - Joe Thornton wins face-off versus Brayden Schenn in Penguins zone.
11:57 of 3rd period - Penalty to Paul Ranger is over, Paul Ranger is back on ice.
12:05 of 3rd period - Off-side.
12:06 of 3rd period - Steven Stamkos wins face-off versus Tyler Seguin in neutral zone.
12:41 of 3rd period - Slapshot by Sam Gagner.
12:41 of 3rd period - Deflect By Nathan Horton.
12:41 of 3rd period - Shot Misses the Net.
12:41 of 3rd period - Puck is out of play.
12:42 of 3rd period - Nathan Horton wins face-off versus Tyler Seguin in Capitals zone.
12:56 of 3rd period - Off-side.
12:57 of 3rd period - Steven Stamkos wins face-off versus Joe Thornton in neutral zone.
13:15 of 3rd period - Minor Penalty to Steven Stamkos for Holding Stick.
13:16 of 3rd period - Patrick Marleau wins face-off versus Brayden Schenn in Penguins zone.
15:10 of 3rd period - Max Pacioretty is hit by Matt Carle and loses puck.
15:15 of 3rd period - Penalty to Steven Stamkos is over, Steven Stamkos is back on ice.
15:21 of 3rd period - Snap shot by T.J. Oshie.
15:21 of 3rd period - Stopped by Brian Elliott with a rebound.
15:51 of 3rd period - Snap shot by Jay Beagle.
15:51 of 3rd period - Stopped by Brian Elliott with a rebound.
16:18 of 3rd period - Icing by Brayden Schenn.
16:19 of 3rd period - Brayden Schenn wins face-off versus Joe Thornton in Penguins zone.
18:01 of 3rd period - Snap shot by Shane Doan.
18:01 of 3rd period - Stopped by Brian Elliott without a rebound.
18:02 of 3rd period - Brian Boyle wins face-off versus Brayden Schenn in Penguins zone.
18:03 of 3rd period - Snap shot by T.J. Oshie.
18:03 of 3rd period - Deflect By Brian Boyle.
18:03 of 3rd period - Shot Misses the Net.
18:03 of 3rd period - Puck is out of play.
18:04 of 3rd period - Brian Boyle wins face-off versus Brayden Schenn in Penguins zone.
18:07 of 3rd period - Slapshot by Tomas Tatar.
18:07 of 3rd period - Stopped by Brian Elliott without a rebound.
18:08 of 3rd period - Brayden Schenn wins face-off versus Brian Boyle in Penguins zone.
18:23 of 3rd period - Snap shot by T.J. Oshie.
18:23 of 3rd period - Shot Misses the Net.
18:53 of 3rd period - Snap shot by Joe Thornton.
18:53 of 3rd period - Shot Misses the Net.
19:13 of 3rd period - Bobby Ryan is hit by Artemi Panarin and loses puck.
Goals for this period are 1 for Capitals vs 0 for Penguins.
Shots for this period are 14 for Capitals vs 5 for Penguins.
Back to the Top